Map: Port Aleksander LE

Players

SKillous

  • Race: Protoss Protoss
  • Spawn Location: 11:00

Harstem - Winner!

  • Race: Protoss Protoss
  • Spawn Location: 5:00

Event: 2019 WCS Spring

VOD

Have the link to the VOD?

Description

Time

  • Played on: May 17, 2019, 9:42 a.m.
  • Length: 10:33

All games in this series

Show
View Real Time Build Order
Export as new Build Order

SKillous Protoss 

Build Orders:  

Get SALT Encoding   

  12  0:01  Probe  
  13  0:13  Probe  
  14  0:18  Pylon  
  14  0:25  Probe  
  15  0:33  Probe  
  15  0:39  Gateway  
  15  0:41  Probe  
  16  0:48  Assimilator  
  17  0:52  Probe  
  17  0:56  Assimilator  
  18  1:00  Probe  
  19  1:08  Probe  
  19  1:10  Gateway  
  20  1:19  Probe  
  21  1:27  Cybernetics Core  
  21  1:31  Probe  
  22  1:38  Pylon  
  22  1:43  Probe  
  23  1:55  Warp Gate  
  23  1:56  Probe  
  24  2:04  Adept x2  
  28  2:13  Pylon  
  28  2:27  Twilight Council  
  28  2:34  Adept x2  
  32  2:48  Resonating Glaives  
  32  3:04  Adept x2  
  36  3:13  Pylon  
  36  3:22  Pylon  
  36  3:23  Probe  
  37  3:31  Nexus  
  37  3:35  Probe  
  38  3:47  Adept x2  
  42  3:54  Shield Battery  
  42  4:00  Pylon  
  42  4:11  Probe  
  42  4:12  Forge  
  41  4:31  Probe  
  42  4:39  Stalker x2  
  42  4:43  Protoss Ground Weapons Level 1  
  47  4:47  Probe  
  47  4:48  Probe  
  47  4:51  Photon Cannon  
  48  5:00  Probe  
  48  5:02  Probe  
  48  5:03  Stalker  
  52  5:12  Probe  
  53  5:19  Probe  
  50  5:22  Sentry  
  50  5:24  Probe  
  50  5:27  Stalker  
  51  5:31  Probe  
  51  5:32  Pylon  
  52  5:36  Probe  
  52  5:39  Robotics Facility  
  53  5:44  Probe  
  53  5:48  Probe  
  53  5:49  Assimilator  
  52  5:56  Probe, Adept  
  47  6:00  Probe  
  45  6:04  Probe  
  45  6:09  Adept  
  46  6:12  Probe  
  46  6:13  Probe  
  48  6:20  Gateway  
  48  6:21  Gateway  
  48  6:24  Probe  
  47  6:25  Probe  
  47  6:31  Adept x2  
  52  6:33  Protoss Ground Weapons Level 2  
  52  6:37  Probe x2  
  54  6:49  Probe  
  54  6:53  Immortal  
  59  6:55  Probe  
  59  6:59  Assimilator  
  59  7:01  Probe  
  61  7:07  Pylon  
  61  7:08  Stalker  
  64  7:29  Gateway x2  
  63  7:32  Adept, Gateway  
  63  7:37  Probe x2  
  64  7:44  Warp Prism  
  62  7:45  Templar Archives  
  58  8:03  Adept x3  
  64  8:08  Sentry  
  66  8:17  Pylon  
  66  8:24  High Templar x3  
  66  8:25  High Templar, Adept  
  76  8:28  Archon x2  
  76  8:31  High Templar  
  76  8:33  Pylon  
  78  8:35  Pylon  
  78  8:36  High Templar  
  78  8:40  Archon  
  80  8:47  Adept  
  82  9:00  Adept x4  
  89  9:05  Zealot  
  85  9:29  Adept x3  
  87  9:34  High Templar x2  
  87  9:35  Adept x2  
  95  9:41  Archon  
  95  9:51  Adept x2  
  95  9:52  Adept  
  75  10:10  Adept x3  
  75  10:11  Adept  
  61  10:24  Adept x3  
Show
View Real Time Build Order
Export as new Build Order

Harstem Protoss - Winner!

Build Orders: Oracle Opening, Phoenix Opening 

Get SALT Encoding   

  12  0:01  Probe  
  13  0:13  Probe  
  14  0:18  Pylon  
  14  0:25  Probe  
  15  0:33  Probe  
  15  0:40  Gateway  
  15  0:41  Probe  
  17  0:50  Assimilator  
  17  0:51  Probe  
  17  0:56  Assimilator  
  18  1:02  Probe  
  19  1:09  Gateway  
  19  1:10  Probe  
  20  1:18  Probe  
  21  1:27  Cybernetics Core  
  21  1:30  Probe  
  22  1:36  Pylon  
  22  1:42  Probe  
  23  1:54  Probe  
  24  2:04  Stalker, Sentry  
  24  2:07  Warp Gate  
  28  2:17  Pylon  
  28  2:35  Stargate  
  28  2:38  Phoenix  
  28  2:43  Stalker  
  30  2:55  Nexus  
  30  3:09  Oracle  
  30  3:10  Shield Battery  
  30  3:16  Probe  
  34  3:36  Probe  
  34  3:37  Oracle, Shield Battery  
  35  3:42  Shield Battery  
  35  3:46  Pylon  
  38  3:48  Probe  
  39  3:59  Robotics Facility  
  39  4:01  Pylon  
  39  4:05  Probe  
  39  4:07  Probe  
  41  4:18  Probe, Shield Battery  
  41  4:19  Probe  
  43  4:24  Oracle  
  41  4:34  Probe  
  41  4:36  Probe  
  44  4:47  Probe  
  44  4:48  Probe  
  44  4:52  Stalker x2  
  50  4:59  Probe  
  51  5:01  Probe  
  51  5:04  Observer  
  53  5:09  Cybernetics Core  
  53  5:11  Probe  
  54  5:20  Probe  
  53  5:23  Probe  
  55  5:28  Probe  
  55  5:30  Immortal  
  55  5:31  Probe  
  55  5:35  Adept  
  64  5:43  Probe  
  64  5:44  Forge  
  64  5:45  Probe  
  55  5:59  Probe, Adept x2  
  55  6:00  Oracle  
  55  6:04  Probe, Warp Prism  
  57  6:11  Probe  
  59  6:22  Probe  
  59  6:23  Probe, Pylon  
  61  6:31  Assimilator  
  61  6:33  Assimilator  
  61  6:34  Probe  
  61  6:36  Protoss Ground Weapons Level 1, Probe  
  63  6:46  Probe  
  64  6:48  Probe  
  64  6:49  Adept x2  
  69  6:57  Immortal  
  69  6:58  Probe  
  69  7:00  Probe  
  75  7:09  Twilight Council  
  75  7:10  Probe  
  75  7:12  Probe  
  75  7:13  Shield Battery  
  77  7:23  Pylon  
  77  7:24  Pylon  
  77  7:31  Pylon  
  77  7:36  Immortal  
  79  7:45  Shield Battery  
  79  7:46  Adept x2  
  79  7:48  Probe  
  79  7:49  Probe  
  82  7:58  Charge  
  81  8:01  Templar Archives  
  83  8:11  Gateway  
  81  8:13  Gateway  
  81  8:14  Zealot, Sentry  
  81  8:16  Gateway  
  85  8:25  Gateway x2  
  85  8:30  Gateway  
  85  8:37  Probe  
  86  8:42  Gateway  
  86  8:48  High Templar x2  
  90  8:51  Pylon  
  90  8:52  Archon  
  90  9:02  Shield Battery  
  90  9:07  Shield Battery  
  90  9:13  High Templar x2  
  90  9:14  Zealot  
  90  9:16  Shield Battery  
  96  9:17  Shield Battery  
  96  9:18  Archon  
  96  9:22  Zealot x2  
  100  9:41  Zealot x4  
  100  9:42  Zealot  
  110  9:48  Probe  
  101  9:54  Zealot x3  
  93  10:03  Zealot, High Templar x2  
  89  10:08  Archon  
  81  10:17  Zealot x3  
  84  10:21  Zealot x2  
  84  10:27  High Templar x2  
Tags
 
Add a new tag
Caveats
  • Supply blocks, unpowered buildings, or Contaminate may cause inaccurate times.
  • Supply counts are checked every 10 seconds.